 Dungeon Crawl Stone Soup version 0.22-a0-150-g005426d (webtiles) character file.

51 roflturtle the Gusty (level 3, 0/19 HPs)
             Began as a Tengu Air Elementalist on Feb 7, 2018.
             Slain by an adder (3 damage)
             ... on level 2 of the Dungeon.
             The game lasted 00:08:40 (1846 turns).

roflturtle the Gusty (Tengu Air Elementalist)       Turns: 1846, Time: 00:08:41

Health: 0/19       AC:  2    Str:  8    XL:     3   Next: 83%
Magic:  1/7        EV: 13    Int: 16    God:
Gold:   76         SH:  0    Dex: 14    Spells: 3/7 levels left

rFire    . . .     SeeInvis .   (no weapon)
rCold    . . .     Gourm    .   (no shield)
rNeg     . . .     Faith    .   a - +0 robe
rPois    .         Spirit   .   (helmet restricted)
rElec    .         Reflect  .   (no cloak)
rCorr    .         Harm     .   (no gloves)
MR       .....                  (boots unavailable)
Stlth    ++........             (no amulet)
HPRegen  0.06/turn              (no ring)
MPRegen  0.10/turn              (no ring)

@: very slightly contaminated
A: beak, talons 3
a: no special abilities


You were on level 2 of the Dungeon.
You were not hungry.

You visited 1 branch of the dungeon, and saw 3 of its levels.

You collected 76 gold pieces.

Inventory:

Armour
 a - a +0 robe (worn)
Scrolls
 d - a scroll of enchant armour {unknown}
 f - 2 scrolls of fog {unknown}
 h - 3 scrolls of identify {unknown}
 i - a scroll of remove curse {unknown}
Potions
 e - 3 potions of brilliance {unknown}
 g - a potion of cancellation {unknown}
 k - a potion of lignification {unknown}
 l - a potion of agility {unknown}
Books
 b - a book of Air

   Spells                             Type                      Level
   a - Shock                          Conjuration/Air              1
   b - Swiftness                      Charms/Air                   2
   c - Static Discharge               Conjuration/Air              3
   d - Airstrike                      Air                          4
   e - Lightning Bolt                 Conjuration/Air              5
Comestibles
 c - 2 rations
 j - 4 chunks of flesh


   Skills:
 - Level 3.0 Dodging
 - Level 2.0 Stealth
 + Level 2.5 Spellcasting
 - Level 3.2 Conjurations
 - Level 4.0 Air Magic


You had 3 spell levels left.
You knew the following spells:

 Your Spells              Type           Power        Failure   Level  Hunger
a - Shock                 Conj/Air       ##..         4%          1    #......
b - Static Discharge      Conj/Air       ##......     13%         3    ###....


Dungeon Overview and Level Annotations

Branches:
Dungeon (3/15)

Altars:

Annotations:
D:2 1 runed door


Innate Abilities, Weirdness & Mutations

You have a beak for a mouth.
You have claws for feet.


Message History

Press: ? - help, Shift-Dir - straight line The zap misses the adder.
The adder bites you. The orc hits you with a club.
The adder completely misses you.
Casting: Shock (safe; 4% risk of failure)
Confirm with . or Enter, or press ? or * to list all spells.
You miscast Static Discharge.
You are very lightly contaminated with residual magic.
Sparks fly from your hands! The orc hits you with a club.
* * * LOW HITPOINT WARNING * * *
The adder closely misses you. The adder bites you but does no damage.
The orc misses you.
You climb upwards.
Level annotation: 1 runed door
There is a stone staircase leading down here.
The adder barely misses you. The adder misses you. The adder bites you.
* * * LOW HITPOINT WARNING * * *
The adder closely misses you. The adder bites you.
You die...

########.# ##.#########
.........# #..........#
..########## #..........#
.........(.# #..........#
...........# #.......)..#
...........# #..........#
...........####..........#
.................o.....[>#
.#.........####.@S.......#
...........# #..........#
# #..........#
############ #
#..........# #
#..........# #
..(##.################## #
......# #...##........# #
.#.##.# #...##........# #
......# #...##........# #


You could see an adder and an orc.

Vanquished Creatures
  An adder (D:2)
  2 oozes
  A dart slug (D:1)
  A leopard gecko (D:2)
  4 orcs
  2 bats (D:2)
  A giant cockroach (D:2)
  3 hobgoblins (D:1)
  3 frilled lizards
  2 goblins (D:1)
  5 kobolds
  3 rats
28 creatures vanquished.

Notes
Turn   | Place    | Note
-------+----------+-------------------------------------------
     0 | D:1      | roflturtle the Tengu Air Elementalist began the quest for the Orb.
     0 | D:1      | Reached XP level 1. HP: 10/10 MP: 4/4
   325 | D:1      | Reached XP level 2. HP: 15/15 MP: 1/6
  1122 | D:2      | Reached XP level 3. HP: 19/19 MP: 2/7
  1127 | D:2      | Learned a level 3 spell: Static Discharge
  1156 | D:2      | Found a runed door.
  1846 | D:2      | Slain by an adder

Vault maps used:
D:1:      dpeg_arrival_morbid_curiosity, kennysheep_pointless_box,
          hangedman_decor_lopped
D:2:      uniq_crazy_yiuf_cottage
D:3:      grunt_decor_fettered

Skill      XL: |  1  2 |
---------------+-------+-----
Conjurations   | 2 3 |  3.2
Dodging        | 3 |  3.0
Stealth        | |  2.0
Spellcasting   | |  2.5
Air Magic      | |  4.0

Action                   || total
-------------------------++-------
Melee: Unarmed           ||     1
       Kick              ||     1
 Cast: Shock             ||    59
       Static Discharge  ||     1
  Eat: Chunk             ||     2
       Ration            ||     1
Armor: Robe              ||     4
Dodge: Dodged            ||    29

Table legend:
 A = Spawn XP
 B = Non-spawn XP
 C = Spawn XP percentage of total XP
 D = Spawn monster count
 E = Non-spawn monster count
 F = Spawn count percentage of total count
 G = Total turns spent on level
                    A         B        C        D         E        F      G
               +---------+---------+-------+---------+---------+-------+---------
         Total |       0 |      74 |   0.0 |       0 |      28 |   0.0 |  1846
               +---------+---------+-------+---------+---------+-------+---------
           D:1 |       0 |      26 |   0.0 |       0 |      12 |   0.0 |   953
           D:2 |       0 |      41 |   0.0 |       0 |      13 |   0.0 |   875
           D:3 |       0 |       7 |   0.0 |       0 |       3 |   0.0 |    18
               +---------+---------+-------+---------+---------+-------+---------
